 Dungeon Crawl Stone Soup version 0.22-a0-542-gce4f928 (webtiles) character file.

105789 nikopol the Eclecticist (level 15, -2/76 HPs)
             Began as a Deep Elf Fire Elementalist on June 21, 2018.
             Was the Champion of Vehumet.
             Slain by a harpy zombie (14 damage)
             ... on level 1 of the Shoals on June 24, 2018.
             The game lasted 02:57:33 (35714 turns).

nikopol the Eclecticist (DEFE)                     Turns: 35714, Time: 02:57:33

Health: -2/76      AC: 10    Str:  5    XL:     15   Next: 95%
Magic:  40/41      EV: 15    Int: 27    God:    Vehumet [******]
Gold:   2253       SH:  8    Dex: 15    Spells: 18/54 levels left

rFire    + + +     SeeInvis .   M - +1 trident of Context {pierce, rF++ rC++ Stlth+}
rCold    + + +     Gourm    +   R - +2 buckler
rNeg     . . .     Faith    .   T - +2 robe {MR+}
rPois    .         Spirit   .   (no helmet)
rElec    .         Reflect  .   g - scarf {rC+ rF+}
rCorr    .         Harm     .   S - +2 pair of gloves
MR       ++...                  w - +2 pair of boots
Stlth    ++++......             n - amulet of the gourmand
HPRegen  0.22/turn              t - ring of fire
MPRegen  0.27/turn              r - ring of protection from cold

@: very slightly contaminated
A: no striking features
a: Renounce Religion


You were on level 1 of the Shoals.
You worshipped Vehumet.
Vehumet was exalted by your worship.
You were very full.

You visited 5 branches of the dungeon, and saw 25 of its levels.
You also visited: Ossuary.

You collected 2501 gold pieces.
You spent 248 gold pieces at shops.

Inventory:

Hand Weapons
 M - the +1 trident of Context (weapon) {pierce, rF++ rC++ Stlth+}
   (You found it on level 13 of the Dungeon)

   It inflicts extra damage upon your enemies.
   It greatly protects you from fire.
   It greatly protects you from cold.
   It makes you more stealthy.
Armour
 g - a scarf of resistance (worn)
 w - a +2 pair of boots (worn)
 R - a +2 buckler (worn)
 S - a +2 pair of gloves (worn)
 T - a +2 robe of magic resistance (worn)
Jewellery
 b - an uncursed ring of poison resistance
 n - an amulet of the gourmand (around neck)
 r - a ring of protection from cold (right hand)
 t - a ring of fire (left hand)
 y - an uncursed ring of see invisible
 C - an uncursed ring of resist corrosion {unknown}
 U - a +3 ring of dexterity {unknown}
Wands
 e - a wand of polymorph (30)
 z - a wand of paralysis (77)
 D - a wand of scattershot (12)
 F - a wand of random effects (13)
 N - a wand of iceblast (12)
 P - a wand of flame (15)
 Q - a wand of disintegration (6)
Scrolls
 a - 5 scrolls of magic mapping
 d - 5 scrolls of fog
 f - 8 scrolls of teleportation
 h - 2 scrolls of immolation
 k - 5 scrolls of amnesia
 p - 7 scrolls of remove curse
 q - 4 scrolls of fear
 v - a scroll of enchant armour
 x - 3 scrolls of identify
 J - 2 scrolls of holy word
 L - 5 scrolls of blinking
Potions
 i - 17 potions of curing
 j - 5 potions of ambrosia
 l - 7 potions of lignification
 m - 2 potions of resistance
 o - 7 potions of heal wounds
 s - a potion of magic
 u - 4 potions of might
 A - 3 potions of agility
 B - a potion of berserk rage
 E - a potion of mutation
 G - 3 potions of cancellation
 H - 3 potions of flight
 I - 2 potions of brilliance
 O - a potion of haste
Miscellaneous
 K - a crystal ball of energy
Comestibles
 c - 38 rations


   Skills:
 + Level 2.1 Fighting
 + Level 5.4 Dodging
 + Level 5.5 Stealth
 + Level 6.4 Shields
 + Level 20.2 Spellcasting
 + Level 15.4 Conjurations
 + Level 15.9 Fire Magic
 + Level 2.2 Air Magic
 + Level 5.2 Earth Magic


You had 18 spell levels left.
You knew the following spells:

 Your Spells              Type           Power        Failure   Level  Hunger
a - Flame Tongue          Conj/Fire      #####        0%          1    None
b - Throw Flame           Conj/Fire      ######       0%          2    None
c - Conjure Flame         Conj/Fire      ########     0%          3    None
d - Sticky Flame          Conj/Fire      ########     0%          4    None
e - Fireball              Conj/Fire      ########..   1%          5    None
f - Airstrike             Air            #####.....   1%          4    None
g - Bolt of Magma         Conj/Fire/Erth #######...   1%          5    None
h - Bolt of Cold          Conj/Ice       ######....   2%          6    #......
i - Iron Shot             Conj/Erth      ######....   1%          6    #......

Your spell library contained the following spells:

 Spells                   Type           Power        Failure   Level  Hunger
 Lightning Bolt           Conj/Air       ######....   1%          5    None
 Confuse                  Hex            ####....     4%          3    None
 Mephitic Cloud           Conj/Pois/Air  ######..     1%          3    None
 Venom Bolt               Conj/Pois      ######....   1%          5    None
 Olgreb's Toxic Radiance  Pois           ####....     4%          4    None
 Summon Ice Beast         Ice/Summ       ####....     16%         4    None
 Sting                    Conj/Pois      ####         1%          1    None
 Stone Arrow              Conj/Erth      ######       1%          3    None
 Shock                    Conj/Air       ####         1%          1    None
 Swiftness                Chrm/Air       ####....     1%          2    None
 Confusing Touch          Hex            ####..       1%          1    None
 Passwall                 Tmut/Erth      #####...     1%          2    None
 Call Canine Familiar     Summ           ####....     4%          3    None
 Metabolic Englaciation   Hex/Ice        ####......   38%         5    None
 Summon Butterflies       Summ           ####....     1%          1    None
 Static Discharge         Conj/Air       ######..     1%          3    None
 Lee's Rapid Deconstruct  Erth           ######....   1%          5    None
 Sandblast                Erth           ######       1%          1    None
 Petrify                  Tmut/Erth      #####...     4%          4    None
 Summon Hydra             Summ           ####......   100%        7    ####...
 Inner Flame              Hex/Fire       #######.     1%          3    None
 Summon Mana Viper        Hex/Summ       ####....     38%         5    None
 Gell's Gravitas          Tloc           ####......   4%          3    None
 Yara's Violent Unravell  Hex/Tmut       ####......   11%         5    None
 Poisonous Vapours        Pois/Air       ####..       1%          2    None


Dungeon Overview and Level Annotations

Branches:
Dungeon (15/15)            Temple (1/1) D:4            Lair (6/6) D:10
 Shoals (1/4) Lair:3       Spider (0/4) Lair:2        Slime (0/5) Lair:6
    Orc (2/2) D:12            Elf (0/3) Orc:2        Vaults (0/5) D:14
 Depths (0/5) D:15

Altars:
Ashenzari
Cheibriados
Dithmenos
Elyvilon
Fedhas
Gozag
Hepliaklqana
Kikubaaqudgha
Makhleb
Nemelex Xobeh
Okawaru
Qazlal
Ru
Sif Muna
Uskayaw
Vehumet
Wu Jian
Xom
Yredelemnul
Zin
The Shining One
Beogh
Jiyva

Shops:
Orc:2 *[=(!


Message History

As you read the scroll of blinking, it crumbles to dust.
* * * LOW HITPOINT WARNING * * *
You feel sick.
Found an encrusted glass wand.
Found two stone staircases leading down.
You feel better.
Casting: Fireball (safe; 1% risk of failure)
Confirm with . or Enter, or press ? or * to list all spells.
Aiming: Fireball (safe; 1% risk of failure)
Press: ? - help, Shift-Dir - straight line You feel a surge of power!
The fireball explodes!
The fireball engulfs the cyclops.
The cyclops is severely wounded.
The fireball engulfs the sea snake.
The sea snake is severely wounded.
The fireball engulfs the dream sheep.
You kill the dream sheep!
Vehumet accepts your kill.
You feel your power returning. The harpy zombie claws you!
You die...

≈≈≈≈≈≈≈≈≈≈≈≈≈≈
≈≈≈≈≈≈≈≈≈≈≈/.
≈≈≈≈≈≈≈≈≈≈..
≈P≈≈≈≈≈≈≈≈≈≈≈≈≈≈≈.###≈
.≈≈≈≈≈≈≈≈Z≈≈≈≈≈≈≈P...≈
≈PP≈≈≈≈≈≈≈≈≈≈≈≈≈≈≈≈≈≈≈
.≈P≈≈≈≈≈≈≈≈≈≈≈....≈>≈≈
.≈≈≈≈kP≈≈..$..@...≈..≈
..≈≈P≈≈≈.....Z#...≈≈≈≈
.≈≈≈P≈≈.......#>.≈≈≈≈≈
≈≈≈≈t..Z)(.......≈≈≈≈P
≈≈≈....C.SZ....PP≈Z≈≈≈
≈≈.....§†...=.....≈≈≈≈
≈≈.....$......P≈≈≈P≈≈≈
≈.............≈≈P≈P≈≈≈
≈..Z...#.....≈≈


You could see a sea snake, a cyclops, a bat zombie, a hippogriff zombie and 3
harpy zombies.

Vanquished Creatures
  Rupert (Lair:3)
  An orc warlord (Orc:2)
  Nessos (Lair:5)
  The ghost of kae the Martial Artist, a journeyman DsTm of Okawaru (Lair:6)
  The ghost of Tovarisch the Fighter, a journeyman NaTm (D:13)
  An ogre mage (D:15)
  The ghost of pedritolo the Grappler, a journeyman TrBe of Trog (D:12)
  8 hydras
  Erica (D:11)
  A vault guard (D:14)
  3 centaur warriors (D:13)
  5 two-headed ogres
  9 death yaks
  3 tengu warriors
  An orc high priest (Orc:2)
  8 skeletal warriors
  2 wizards (D:15)
  4 unseen horrors
  A deep elf archer (D:14)
  4 orc knights
  20 ugly things
  3 oklob plants (Lair:3)
  2 orc sorcerers (Orc:2)
  4 manticores
  3 deep elf magi
  4 black mambas
  2 merfolk sirens
  3 gargoyles
  Psyche (D:8)
  3 komodo dragons
  6 spiny frogs
  5 centaur skeletons
  3 rime drakes (D:13)
  A kobold demonologist (D:15)
  2 efreet (D:13)
  A freezing wraith (D:15)
  7 hornets
  5 polar bears
  6 trolls
  13 blink frogs
  Grinder (D:3)
  7 dream sheep
  9 slime creatures
  15 hippogriffs
  A centaur simulacrum (D:13)
  3 redbacks (Lair:2)
  14 spriggans
  Sigmund (D:5)
  A vampire (D:14)
  2 shadows
  A wraith (D:14)
  9 wyverns
  A basilisk (Lair:6)
  A water elemental (Lair:3)
  47 yaks
  Eustachio (D:4)
  2 hungry ghosts
  5 vampire mosquitoes
  Menkaure (D:6)
  Edmund (D:5)
  3 wargs
  An acid dragon (D:15)
  17 water moccasins
  A meliai simulacrum (D:14)
  19 porcupines
  7 ice beasts
  18 ogres
  2 sky beasts
  8 black bears
  26 orc warriors
  5 boggarts
  2 phantoms
  21 centaurs
  22 wolves
  21 crocodiles
  3 big kobolds
  An elf zombie (Ossuary)
  18 bullfrogs
  A wyvern zombie (D:12)
  A scorpion (D:7)
  21 wights
  A vampire bat (Lair:5)
  6 howler monkeys
  2 electric eels (D:10)
  10 crimson imps
  5 centaur zombies
  4 quasits
  3 bullfrog skeletons
  A bullfrog zombie (D:5)
  7 hounds
  A wyvern simulacrum (D:13)
  A gnoll shaman (D:6)
  2 human zombies (Ossuary)
  18 orc priests
  7 jellies
  27 orc wizards
  Jessica (D:3)
  Terence (D:3)
  Natasha (thrice) (D:4)
  2 iguanas
  13 worker ants
  A big kobold zombie (Ossuary)
  3 bullfrog simulacra (D:13)
  A hound zombie (D:7)
  2 mummies (Ossuary)
  A worker ant zombie (D:6)
  13 gnolls
  9 adders
  3 shadow imps
  8 oozes
  An adder zombie (Ossuary)
  An adder skeleton (D:5)
  2 worms
  2 dart slugs
  7 leopard geckos
  78 orcs
  16 bats
  7 giant cockroaches
  10 goblins
  11 hobgoblins
  10 jackals
  21 kobolds
  7 quokkas
  2 ball pythons (D:1)
  9 frilled lizards
  12 hobgoblin zombies (Ossuary)
  3 jackal zombies (Ossuary)
  7 kobold zombies (Ossuary)
  A leopard gecko zombie (D:6)
  7 orc zombies (Ossuary)
  7 rats
  A rat zombie (Ossuary)
  2 bushes (Lair:6)
  4 fungi
  6 plants
882 creatures vanquished.

Vanquished Creatures (others)
  23 fungi
  9 plants
32 creatures vanquished.

Grand Total: 914 creatures vanquished

Notes
Turn   | Place    | Note
-------+----------+-------------------------------------------
     0 | D:1      | nikopol the Deep Elf Fire Elementalist began the quest for the Orb.
     0 | D:1      | Reached XP level 1. HP: 10/10 MP: 6/6
   219 | D:1      | Reached XP level 2. HP: 15/15 MP: 1/8
   659 | D:1      | Reached XP level 3. HP: 13/19 MP: 1/9
  1199 | D:2      | Reached skill level 4 in Spellcasting
  1304 | D:2      | Reached XP level 4. HP: 24/24 MP: 1/12
  1985 | D:2      | Found a glowing silver altar of Zin.
  2221 | D:3      | Noticed Terence
  2228 | D:3      | Learned a level 2 spell: Throw Flame
  2232 | D:3      | Learned a level 3 spell: Conjure Flame
  2237 | D:3      | Learned a level 4 spell: Sticky Flame
  2248 | D:3      | Killed Terence
  2248 | D:3      | Reached skill level 1 in Shields
  2248 | D:3      | Reached XP level 5. HP: 18/28 MP: 4/13
  2718 | D:3      | Found a snail-covered altar of Cheibriados.
  2770 | D:3      | Noticed Jessica
  2772 | D:3      | Killed Jessica
  2839 | D:3      | Noticed an eye of draining
  3200 | D:3      | Found a radiant altar of Vehumet.
  3201 | D:3      | Noticed Grinder
  3349 | D:3      | Noticed an eye of draining
  3749 | D:4      | Noticed a hippogriff
  3758 | D:4      | Killed a hippogriff
  3758 | D:4      | Reached skill level 5 in Spellcasting
  3758 | D:4      | Reached skill level 5 in Fire Magic
  3758 | D:4      | Reached XP level 6. HP: 26/32 MP: 3/16
  3864 | D:4      | Noticed Natasha
  3868 | D:4      | Killed Natasha
  4043 | D:4      | Found a staircase to the Ecumenical Temple.
  4053 | Temple   | Entered the Ecumenical Temple
  4057 | D:4      | Reached XP level 7. HP: 36/36 MP: 14/17
  4094 | D:4      | Noticed a hippogriff
  4250 | D:4      | Learned a level 5 spell: Fireball
  4427 | D:4      | Noticed Eustachio
  4506 | D:3      | Killed a hippogriff
  4506 | D:3      | Reached skill level 6 in Spellcasting
  5424 | D:4      | Killed Eustachio
  5424 | D:4      | Reached XP level 8. HP: 42/42 MP: 4/20
  5521 | D:4      | Found a glowing golden altar of the Shining One.
  5661 | D:5      | Entered Level 5 of the Dungeon
  5668 | D:5      | Reached skill level 7 in Spellcasting
  5723 | D:5      | Found a radiant altar of Vehumet.
  5736 | D:5      | Reached skill level 5 in Conjurations
  5858 | D:5      | Noticed Sigmund
  5903 | D:3      | Killed Grinder
  5913 | D:3      | Became a worshipper of Vehumet
  6019 | D:5      | Noticed Edmund
  6027 | D:5      | Killed Sigmund
  6027 | D:5      | Reached skill level 1 in Fighting
  6027 | D:5      | Reached skill level 8 in Spellcasting
  6077 | D:4      | Noticed Natasha
  6080 | D:4      | Killed Natasha
  6087 | D:4      | Noticed Natasha
  6091 | D:4      | Killed Natasha
  6261 | D:5      | Found a blossoming altar of Fedhas.
  6262 | D:5      | Found an iron altar of Okawaru.
  6426 | D:5      | Killed Edmund
  6426 | D:5      | Reached XP level 9. HP: 47/47 MP: 7/23
  7166 | D:6      | Reached skill level 9 in Spellcasting
  7202 | D:6      | Reached * piety under Vehumet
  7202 | D:6      | Offered knowledge of Magic Dart by Vehumet.
  7217 | D:6      | Found an ancient bone altar of Kikubaaqudgha.
  7238 | D:6      | Noticed Menkaure
  7242 | D:6      | Killed Menkaure
  7411 | D:6      | Upgraded the game from 0.22-a0-525-gf69a080 to 0.22-a0-538-g76cc104
  7848 | D:6      | Found a sparkling altar of Nemelex Xobeh.
  8431 | D:7      | Found a sand-covered staircase.
  8447 | Ossuary  | Entered an ossuary
  8649 | Ossuary  | Reached ** piety under Vehumet
  8649 | Ossuary  | Offered knowledge of Freeze by Vehumet.
  9140 | Ossuary  | Offered knowledge of Throw Frost by Vehumet.
  9165 | Ossuary  | Reached skill level 10 in Spellcasting
  9548 | D:7      | Reached skill level 5 in Shields
  9605 | D:7      | Noticed an unseen horror
  9611 | D:7      | Killed an unseen horror
  9611 | D:7      | Reached XP level 10. HP: 43/52 MP: 18/26
  9669 | D:7      | Noticed a brown ugly thing
  9673 | D:7      | Killed a brown ugly thing
 10065 | D:7      | Reached *** piety under Vehumet
 10898 | D:8      | Noticed Psyche
 10903 | D:8      | Offered knowledge of Airstrike by Vehumet.
 10903 | D:8      | Killed Psyche
 10937 | D:7      | Learned a level 4 spell: Airstrike
 10941 | D:8      | Reached skill level 11 in Spellcasting
 12144 | D:9      | Reached **** piety under Vehumet
 12199 | D:9      | Found a shadowy altar of Dithmenos.
 12515 | D:10     | Entered Level 10 of the Dungeon
 12703 | D:10     | Offered knowledge of Bolt of Magma by Vehumet.
 12710 | D:10     | Learned a level 5 spell: Bolt of Magma
 12905 | D:10     | Reached skill level 12 in Spellcasting
 12941 | D:10     | Noticed a death yak
 12944 | D:10     | Reached skill level 1 in Air Magic
 13082 | D:10     | Reached XP level 11. HP: 56/56 MP: 21/29
 13282 | D:10     | Found a staircase to the Lair.
 13383 | D:10     | Noticed a death yak
 13386 | D:10     | Noticed a death yak
 13400 | D:10     | Killed a death yak
 13400 | D:10     | Reached skill level 10 in Fire Magic
 13834 | D:10     | Killed a death yak
 13834 | D:10     | Reached ***** piety under Vehumet
 13834 | D:10     | Killed a death yak
 13840 | D:10     | Reached skill level 13 in Spellcasting
 13842 | D:10     | Offered knowledge of Orb of Destruction by Vehumet.
 13935 | Lair:1   | Entered Level 1 of the Lair of Beasts
 14849 | Lair:1   | Reached skill level 10 in Conjurations
 15290 | Lair:2   | Noticed a six-headed hydra
 15293 | Lair:2   | Killed a six-headed hydra
 15293 | Lair:2   | Noticed a seven-headed hydra
 15456 | Lair:2   | Found an ornate altar of the Wu Jian Council.
 15616 | Lair:2   | Reached skill level 14 in Spellcasting
 15616 | Lair:2   | Reached XP level 12. HP: 44/61 MP: 24/32
 16020 | Lair:2   | Killed a seven-headed hydra
 16375 | Lair:2   | Found a hole to the Spider Nest.
 17361 | Lair:3   | Offered knowledge of Bolt of Cold by Vehumet.
 17462 | Lair:3   | Found a staircase to the Shoals.
 17546 | Lair:3   | Reached skill level 15 in Spellcasting
 17574 | Lair:3   | Noticed Rupert
 17624 | Lair:3   | Paralysed by Rupert for 4 turns
 18739 | Lair:3   | Killed Rupert
 18739 | Lair:3   | Reached skill level 5 in Stealth
 18739 | Lair:3   | Reached skill level 1 in Earth Magic
 18837 | Lair:3   | Learned a level 6 spell: Bolt of Cold
 19008 | Lair:4   | Reached XP level 13. HP: 66/66 MP: 23/34
 19515 | Lair:4   | Reached skill level 16 in Spellcasting
 20961 | Lair:5   | Noticed Nessos
 21061 | Lair:5   | Killed Nessos
 21061 | Lair:5   | Reached skill level 5 in Dodging
 21363 | Lair:6   | Entered Level 6 of the Lair of Beasts
 22175 | Lair:6   | Offered knowledge of Freezing Cloud by Vehumet.
 22690 | Lair:6   | Reached skill level 17 in Spellcasting
 22778 | Lair:6   | Found a runed gate.
 22778 | Lair:6   | Found a viscous altar of Jiyva.
 22778 | Lair:6   | Found a staircase to the Slime Pits.
 22780 | Lair:6   | Noticed a death ooze
 23140 | Lair:6   | Found a runed gate.
 23142 | Lair:6   | Found a runed gate.
 23152 | Lair:6   | Noticed kae's ghost (journeyman DsTm)
 23204 | Lair:6   | Reached XP level 14. HP: 72/72 MP: 23/37
 23636 | Lair:6   | Offered knowledge of Poison Arrow by Vehumet.
 24318 | Lair:6   | Found a viscous altar of Jiyva.
 24463 | Lair:6   | Killed kae's ghost
 24582 | Lair:6   | Got a faintly glowing leather armour
 24593 | Lair:6   | Identified the cursed +1 leather armour of Honesty {rElec Stlth+} (You found it on level 6 of the Lair of Beasts)
 25455 | D:11     | Upgraded the game from 0.22-a0-538-g76cc104 to 0.22-a0-542-gce4f928
 25750 | D:11     | Noticed Erica
 25752 | D:11     | Killed Erica
 26556 | D:12     | Found a runed door.
 26556 | D:12     | Noticed pedritolo's ghost (journeyman TrBe)
 26559 | D:12     | Found a staircase to the Orcish Mines.
 26824 | D:12     | Offered knowledge of Ozocubu's Refrigeration by Vehumet.
 27055 | D:12     | Reached skill level 18 in Spellcasting
 27509 | Orc:1    | Entered Level 1 of the Orcish Mines
 28100 | Orc:2    | Entered Level 2 of the Orcish Mines
 28191 | Orc:2    | Offered knowledge of Iron Shot by Vehumet.
 28202 | Orc:2    | Learned a level 6 spell: Iron Shot
 28684 | Orc:2    | Found a staircase to the Elven Halls.
 28694 | Orc:2    | Found Kyvoshen's Distillery.
 28956 | Orc:2    | Noticed an orc warlord
 28961 | Orc:2    | Killed an orc warlord
 29214 | Orc:2    | Found a roughly hewn altar of Beogh.
 29293 | Orc:2    | Found Qystryuma's Antique Armour Boutique.
 29417 | Orc:2    | Found Mayj's General Store.
 29439 | Orc:2    | Found Gaynerph's Jewellery Boutique.
 29522 | Orc:2    | Found Meg Ucuf's Antique Weapon Boutique.
 29609 | Orc:2    | Bought an embroidered scarf for 248 gold pieces
 29981 | D:12     | Reached skill level 15 in Fire Magic
 29990 | D:12     | Killed pedritolo's ghost
 30381 | D:13     | Reached XP level 15. HP: 62/76 MP: 10/39
 30773 | D:13     | Reached skill level 19 in Spellcasting
 31134 | D:13     | Found a runed gate.
 31153 | D:13     | Found a runed gate.
 31196 | D:13     | Found a runed gate.
 31518 | D:13     | Noticed Tovarisch's ghost (journeyman NaTm)
 31567 | D:13     | Got a polished trident
 31568 | D:13     | Identified the cursed +1 trident of Context {pierce, rF++ rC++ Stlth+} (You found it on level 13 of the Dungeon)
 31630 | D:13     | Reached ****** piety under Vehumet
 32098 | D:13     | Killed Tovarisch's ghost
 33258 | D:14     | Offered knowledge of Bolt of Fire by Vehumet.
 33263 | D:14     | Reached skill level 15 in Conjurations
 33405 | D:14     | Found a sacrificial altar of Ru.
 33621 | D:14     | Found a gate to the Vaults.
 33737 | D:15     | Entered Level 15 of the Dungeon
 33892 | D:15     | Reached skill level 5 in Earth Magic
 34307 | D:15     | Reached skill level 20 in Spellcasting
 35083 | D:15     | Found a staircase to the Depths.
 35225 | D:15     | Found a shimmering altar of Xom.
 35473 | Shoals:1 | Entered Level 1 of the Shoals
 35714 | Shoals:1 | Slain by a harpy zombie

Vault maps used:
D:1:      sevenhm_arrival_forest_fort_large_1, minmay_distorted
D:2:      wad_lake_hut, zin_statuary, first_ration, minmay_tall_x
D:3:      nicolae_overflow_hidden_temple, cheibriados_altar_1,
          trog_eyes_of_draining, uniq_jessica, uniq_grinder, uniq_terence
D:4:      tso_metal_star, minmay_temple_entry_junction, uniq_eustachio,
          uniq_natasha
D:5:      minitemple, basic_altar, feat_on_display, uniq_edmund, uniq_sigmund
D:6:      kennysheep_mini, nemelex_xobeh_ov_fountains_minmay, uniq_menkaure
D:7:      nicolae_ossuary_entry_ruins, wad_mini_maze
D:8:      hangedman_little_slice_of_home, st_stairs_7, uniq_psyche
D:9:      lemuel_crystal_altar, small_statue_intersection
D:10:     dpeg_lair_monsters
D:11:     uniq_erica
D:12:     orc_0_dummy, enter_bailey_3, ebering_ghost_funeral_grove
D:13:     gammafunk_ghost_icy
D:14:     david_vaults_5, nicolae_ru_the_path_less_chosen
D:15:     grunt_enter_depths_magical_seal, basic_altar, grunt_decor_mini_mirrors
Temple:   nicolae_temple_no_exploring_needed
Lair:1:   infiniplex_staircase_pool_2, grunt_megastairs_3
Lair:2:   spider_nest_entry_webs, basic_altar, small_statue_intersection
Lair:3:   minmay_shoals_entry_lonely_mermaid, beast_lair_carwin_10,
          grunt_megastairs_2, minmay_lair_oklob_chamber, uniq_rupert
Lair:4:   hibernation_bobbens
Lair:5:   small_statue_intersection, roderic_batcave, uniq_nessos
Lair:6:   minmay_lair_end_enchanted_forest, slime_altar_1, gammafunk_ghost_ooze
Shoals:1: nicolae_shoals_undead_eyrie, uniq_frances
Orc:2:    grunt_orc_cross, serial_shops, shop
Ossuary:  ossuary_tomb_1

Skill      XL: |  1  2  3  4  5  6  7  8  9 10 11 12 13 14 15 |
---------------+----------------------------------------------+-----
Fire Magic     | 4 5 6 7 8 9 11 12 13 15 | 15.9
Spellcasting   | 4 5 6 8 10 12 14 15 17 18 20 | 20.2
Shields        | 1 2 3 4 5 6 |  6.4
Conjurations   | 2 3 4 5 7 8 10 11 13 14 15 | 15.4
Stealth        | 3 4 5 |  5.5
Dodging        | 3 4 5 |  5.4
Fighting       | 1 2 |  2.1
Air Magic      | 1 2 |  2.2
Earth Magic    | 2 3 4 5 |  5.2

Action                   |  1- 3 |  4- 6 |  7- 9 | 10-12 | 13-15 || total
-------------------------+-------+-------+-------+-------+-------++-------
Melee: Short sword       |     1 |       |       |       |       ||     1
       Rapier            |       |       |   104 |     2 |       ||   106
 Cast: Flame Tongue      |    76 |    94 |   255 |   313 |   372 ||  1110
       Throw Flame       |       |     3 |    28 |    54 |    38 ||   123
       Conjure Flame     |       |     3 |     7 |     5 |     9 ||    24
       Sticky Flame      |       |       |    28 |    53 |    72 ||   153
       Fireball          |       |       |     9 |    66 |   264 ||   339
       Airstrike         |       |       |       |     6 |     8 ||    14
       Bolt of Magma     |       |       |       |    12 |    96 ||   108
       Iron Shot         |       |       |       |       |    68 ||    68
  Use: Scroll            |       |       |    10 |    15 |    13 ||    38
       Potion            |       |       |     1 |       |     1 ||     2
  Eat: Chunk             |     1 |     8 |    19 |    37 |    52 ||   117
       Ration            |       |       |     2 |       |       ||     2
Armor: Robe              |     6 |     5 |    29 |    15 |    52 ||   107
Dodge: Dodged            |    10 |    18 |   129 |    33 |   102 ||   292
Block: Buckler           |     1 |     4 |    48 |    26 |    81 ||   160

Table legend:
 A = Spawn XP
 B = Non-spawn XP
 C = Spawn XP percentage of total XP
 D = Spawn monster count
 E = Non-spawn monster count
 F = Spawn count percentage of total count
 G = Total turns spent on level
                    A         B        C        D         E        F      G
               +---------+---------+-------+---------+---------+-------+---------
         Total |       0 |  151128 |   0.0 |       0 |     870 |   0.0 | 35714
               +---------+---------+-------+---------+---------+-------+---------
           D:1 |       0 |      43 |   0.0 |       0 |      27 |   0.0 |   925
           D:2 |       0 |     122 |   0.0 |       0 |      33 |   0.0 |  1832
           D:3 |       0 |     688 |   0.0 |       0 |      22 |   0.0 |  1331
           D:4 |       0 |    1141 |   0.0 |       0 |      25 |   0.0 |  1944
           D:5 |       0 |    1025 |   0.0 |       0 |      14 |   0.0 |   903
           D:6 |       0 |     956 |   0.0 |       0 |      27 |   0.0 |  1371
           D:7 |       0 |    2590 |   0.0 |       0 |      29 |   0.0 |  1470
           D:8 |       0 |    1224 |   0.0 |       0 |      31 |   0.0 |   996
           D:9 |       0 |     956 |   0.0 |       0 |      18 |   0.0 |  1082
          D:10 |       0 |    6242 |   0.0 |       0 |      41 |   0.0 |  1521
          D:11 |       0 |    7577 |   0.0 |       0 |      54 |   0.0 |  1326
          D:12 |       0 |    8990 |   0.0 |       0 |      51 |   0.0 |  1778
          D:13 |       0 |   19642 |   0.0 |       0 |      53 |   0.0 |  2122
          D:14 |       0 |   13406 |   0.0 |       0 |      47 |   0.0 |  1447
          D:15 |       0 |   15640 |   0.0 |       0 |      34 |   0.0 |  1380
        Lair:1 |       0 |    4772 |   0.0 |       0 |      28 |   0.0 |  1482
        Lair:2 |       0 |    5475 |   0.0 |       0 |      20 |   0.0 |  1649
        Lair:3 |       0 |   11192 |   0.0 |       0 |      36 |   0.0 |  2186
        Lair:4 |       0 |   10447 |   0.0 |       0 |      27 |   0.0 |  1366
        Lair:5 |       0 |   10085 |   0.0 |       0 |      38 |   0.0 |  2070
        Lair:6 |       0 |   16060 |   0.0 |       0 |      74 |   0.0 |  2323
      Shoals:1 |       0 |     706 |   0.0 |       0 |       2 |   0.0 |    13
         Orc:1 |       0 |    2485 |   0.0 |       0 |      35 |   0.0 |   601
         Orc:2 |       0 |    9296 |   0.0 |       0 |      65 |   0.0 |  1672
       Ossuary |       0 |     368 |   0.0 |       0 |      39 |   0.0 |   922
               +---------+---------+-------+---------+---------+-------+---------
